 Dungeon Crawl Stone Soup version 0.23.2-1-ga50397a (webtiles) character file.

Game seed: 1886919764048252162

91 troglodite the Poker (level 4, 0/34 HPs)
             Began as a Merfolk Skald on May 22, 2019.
             Slain by a goblin (3 damage)
             ... on level 2 of the Dungeon.
             The game lasted 00:06:35 (1638 turns).

troglodite the Poker (Merfolk Skald)                Turns: 1638, Time: 00:06:35

Health: 0/34       AC:  5    Str: 17    XL:     4   Next: 59%
Magic:  4/7        EV: 13    Int: 12    God:
Gold:   76         SH:  0    Dex: 14    Spells: 0/7 levels left

rFire    . . .     SeeInvis .   a - +0 spear
rCold    + + .     Gourm    .   (no shield)
rNeg     . . .     Faith    .   l - +2 leather armour {rC+}
rPois    .         Spirit   .   (no helmet)
rElec    .         Reflect  .   (no cloak)
rCorr    .         Harm     .   (no gloves)
MR       .....                  (no boots)
Stlth    ++........             (no amulet)
HPRegen  0.11/turn              i - +6 ring of strength
MPRegen  0.10/turn              e - ring of protection from cold

@: very slightly contaminated
A: change form in water, swift swim, stealthy swim
a: no special abilities


You were on level 2 of the Dungeon.
You were hungry.

You visited 1 branch of the dungeon, and saw 2 of its levels.

You collected 76 gold pieces.

Inventory:

Hand Weapons
 a - a +0 spear (weapon)
Armour
 l - a +2 leather armour of cold resistance (worn)
Jewellery
 e - a ring of protection from cold (right hand)
 i - a +6 ring of strength (left hand)
Wands
 f - a wand of paralysis (14)
Scrolls
 c - 2 scrolls of identify {unknown}
 h - a scroll of remove curse {unknown}
Potions
 b - 2 potions of mutation {unknown}
 j - a potion of resistance {unknown}
 k - a potion of flight {unknown}
Comestibles
 d - 3 rations
 g - 4 chunks of flesh


   Skills:
 * Level 2.5 Fighting
 * Level 3.9 Polearms
 + Level 0.9 Armour
 * Level 3.6 Dodging
 * Level 1.6 Stealth
 * Level 2.2 Spellcasting
 * Level 0.6 Hexes
 * Level 3.8 Charms
 * Level 0.1 Necromancy


You couldn't memorise any spells.
You knew the following spells:

 Your Spells              Type           Power        Failure   Level  Hunger
a - Infusion              Chrm           ##..         7%          1    ##.....
b - Spectral Weapon       Hex/Chrm       #.......     36%         3    ####...
c - Regeneration          Chrm/Necr      #.........   38%         3    ####...

Your spell library contained the following spells:

 Spells                   Type           Power        Failure   Level  Hunger
 Song of Slaying          Chrm           ##......     10%         2    ###....
 Shroud of Golubria       Chrm/Tloc      #.........   22%         2    ###....


Dungeon Overview and Level Annotations

Branches:
Dungeon (2/15)

Altars:
Nemelex Xobeh
Okawaru


Message History

The goblin hits you but does no damage.
Some of the chunks of flesh in your inventory have rotted away.
You barely miss the goblin.
You feel yourself speed up. The goblin hits you.
* * * LOW HITPOINT WARNING * * *
You hit the goblin.
The goblin is moderately wounded.
The goblin hits you but does no damage.
You barely miss the goblin.
The goblin is moderately wounded.
The goblin barely misses you.
You hit the goblin.
The goblin is severely wounded.
The goblin hits you.
* * * LOW HITPOINT WARNING * * *
You hit the goblin but do no damage.
The goblin is severely wounded.
The goblin hits you.
You die...

#...........#.#
##...#######
...##########.####...#
# ##.# #........# #
######..## # #..#
##### ########..#
#.... # ..........#
#.###
#.#.############.# #.#
#.....gg@....# #.# #.#
.......#######.# #.#
#.# .##.#.# #.# #.#
#.### # ## #.# #.#
#.... #.# #.# #####
#.# #.# #.###.#######
#...รท.......#
#...#.#####..#


You could see a hobgoblin and a goblin.

Vanquished Creatures
  Natasha (twice) (D:2)
  A worm (D:2)
  2 dart slugs (D:1)
  5 bats
  A giant cockroach (D:1)
  8 goblins
  3 hobgoblins
  2 kobolds (D:2)
  4 frilled lizards
  6 rats
34 creatures vanquished.

Notes
Turn   | Place    | Note
-------+----------+-------------------------------------------
     0 | D:1      | troglodite the Merfolk Skald began the quest for the Orb.
     0 | D:1      | Reached XP level 1. HP: 16/16 MP: 3/3
    27 | D:1      | You fall through a shaft!
   112 | D:2      | Found an iron altar of Okawaru.
   375 | D:2      | Reached XP level 2. HP: 20/22 MP: 5/5
   923 | D:1      | Reached skill level 1 in Stealth
  1092 | D:1      | Reached XP level 3. HP: 28/28 MP: 6/6
  1126 | D:1      | Learned a level 3 spell: Spectral Weapon
  1518 | D:2      | Noticed Natasha
  1528 | D:2      | Killed Natasha
  1528 | D:2      | Reached XP level 4. HP: 23/34 MP: 1/7
  1539 | D:2      | Learned a level 3 spell: Regeneration
  1569 | D:2      | Found a sparkling altar of Nemelex Xobeh.
  1608 | D:2      | Noticed Natasha
  1628 | D:2      | Killed Natasha
  1638 | D:2      | Slain by a goblin

Skill      XL: |  1  2 |
---------------+-------+-----
Dodging        | 3 |  3.6
Stealth        | 1 |  1.6
Fighting       | |  2.5
Polearms       | |  3.9
Armour         | |  0.9
Spellcasting   | |  2.2
Hexes          | |  0.6
Charms         | |  3.8
Necromancy     | |  0.1

Action                   |  1- 3 |  4- 6 || total
-------------------------+-------+-------++-------
Melee: Spear             |    89 |    25 ||   114
 Cast: Infusion          |     1 |       ||     1
 Stab: Sleeping          |     2 |       ||     2
  Eat: Chunk             |     2 |       ||     2
Armor: Leather armour    |    20 |    17 ||    37
Dodge: Dodged            |    47 |    21 ||    68
